 Dungeon Crawl Stone Soup version 0.18.1-48-g4cf74bf (webtiles) character file.

238 tobi the Shield-Bearer (level 5, 0/36 HPs)
             Began as a High Elf Fighter on Sept 11, 2016.
             Slain by Natasha (6 damage)
             ... on level 3 of the Dungeon.
             The game lasted 00:13:33 (2311 turns).

tobi the Shield-Bearer (High Elf Fighter)           Turns: 2311, Time: 00:13:34

Health: 0/36       AC:  5    Str: 16    XL:     5   Next: 78%
Magic:  6/6        EV: 10    Int: 11    God:
Gold:   114        SH:  9    Dex: 15    Spells: 0 memorised, 4 levels left

rFire  + . .     SeeInvis .     z - -2 long sword (curse)
rCold  . . .     Gourm    .     B - +0 leather armour {rF+}
rNeg   . . .     Faith    .     c - +0 shield
rPois  .         Spirit   .     p - +2 hat
rElec  .         Dismiss  .     (no cloak)
rCorr  .         Reflect  .     (no gloves)
SustAt .         Harm     .     (no boots)
MR     .....                    (no amulet)
Stlth  +.........               (no ring)
                                (no ring)

@: not resistant to hostile enchantments, very unstealthy
A: no striking features
a: no special abilities


You were on level 3 of the Dungeon.
You were not hungry.

You visited 1 branch of the dungeon, and saw 4 of its levels.

You collected 114 gold pieces.

Inventory:

Hand Weapons
 a - a +0 long sword
 n - a +2 dagger of electrocution
 y - a +0 dagger of protection
 z - a cursed -2 long sword (weapon)
Missiles
 m - 2 javelins (quivered)
Armour
 b - a +0 scale mail
 c - a +0 shield (worn)
 e - a +0 helmet
 p - a +2 hat (worn)
 B - a +0 leather armour of fire resistance (worn)
Scrolls
 i - a scroll of teleportation
 l - a scroll of identify
 q - a scroll of enchant armour
 u - 2 scrolls of recharging
 v - a scroll of magic mapping
 A - a scroll of remove curse {unknown}
Potions
 d - a potion of might
 g - a potion of lignification {unknown}
 h - a potion of flight {unknown}
 k - a potion of degeneration {unknown}
 o - 4 potions of heal wounds {unknown}
 s - a potion of berserk rage {unknown}
 x - a potion of brilliance {unknown}
Comestibles
 f - 4 bread rations
 j - 2 fruits
 r - 3 meat rations
 t - 3 chunks of flesh
 w - 2 beef jerkies


   Skills:
 + Level 3.6 Fighting
 + Level 1.9(2.6) Short Blades
 + Level 2.8(3.1) Long Blades
 + Level 3.8 Armour
 + Level 2.2 Dodging
 + Level 3.9 Shields


You had 4 spell levels left.
You didn't know any spells.

Dungeon Overview and Level Annotations

Branches:
Dungeon (4/15)
 Temple: D:4-7

Altars:
Fedhas
Kikubaaqudgha
Nemelex Xobeh
Yredelemnul

Annotations:
D:3 Natasha


Message History

You closely miss Natasha.
Natasha is almost dead.
Natasha casts a spell at you. You resist with some effort.
You barely miss Natasha.
Natasha is almost dead.
Natasha claws you but does no damage. You block Natasha's attack.
You barely miss Natasha.
Natasha is almost dead.
Natasha claws you.
* * * LOW HITPOINT WARNING * * *
You closely miss Natasha.
Natasha is almost dead.
Natasha claws you but does no damage. Natasha casts a spell at you.
You resist with some effort.
You hit Natasha but do no damage.
Natasha is almost dead.
Natasha claws you.
You die...

#.#...#...##....#
#.###.#.###.....# #.#
#...####....# #.#
##..........# #.#
########.### #.# #.#
#.# ##+## #.# ##...##
#@#** ##.....##
*#h#,** ##.......#
**.r.,,***#.........
**$#...,,,,+.........
*.###...***#.....)<..
##,*,#.## ##.......#
**,**## ##.....## *,*
##...##* *,* ##+#...


You could see Natasha and a rat.

Vanquished Creatures
  The ghost of Alarkh the Insei, an amateur OpTm of Okawaru (D:3)
  3 adders
  A worm (D:2)
  4 dart slugs
  2 giant geckos
  3 orcs (D:3)
  A ball python (D:2)
  10 bats
  A giant cockroach (D:2)
  11 goblins
  10 hobgoblins
  10 jackals
  3 giant newts
  6 kobolds
  6 rats
  5 plants (D:2)
77 creatures vanquished.

Notes
Turn   | Place    | Note
--------------------------------------------------------------
     0 | D:1      | tobi the High Elf Fighter began the quest for the Orb.
     0 | D:1      | Reached XP level 1. HP: 16/16 MP: 2/2
    86 | D:1      | Reached XP level 2. HP: 18/21 MP: 3/3
   411 | D:1      | Reached XP level 3. HP: 22/26 MP: 4/4
   940 | D:2      | Reached skill level 1 in Dodging
   961 | D:2      | Found a basalt altar of Yredelemnul.
   961 | D:2      | Found a blossoming altar of Fedhas.
   962 | D:2      | Found an ancient bone altar of Kikubaaqudgha.
  1064 | D:2      | Reached XP level 4. HP: 25/31 MP: 5/5
  1688 | D:3      | Noticed Alarkh's ghost (amateur OpTm)
  1703 | D:3      | Killed Alarkh's ghost
  1703 | D:3      | Reached skill level 1 in Short Blades
  1703 | D:3      | Reached XP level 5. HP: 14/36 MP: 6/6
  2035 | D:3      | Found a sparkling altar of Nemelex Xobeh.
  2295 | D:3      | Noticed Natasha
  2311 | D:3      | Slain by Natasha

Skill      XL: |  1  2  3  4 |
---------------+-------------+-----
Shields        | 3 |  3.9
Armour         | 3 |  3.8
Dodging        | 1 2 |  2.2
Short Blades   | 1 |  1.9
Fighting       | |  3.6
Long Blades    | |  2.8

Action                   |  1- 3 |  4- 6 || total
-------------------------+-------+-------++-------
Melee: Long sword        |    70 |    33 ||   103
       Dagger            |    72 |   142 ||   214
  Use: Scroll            |       |     6 ||     6
  Eat: Chunk             |     1 |     4 ||     5
Armor: Scale mail        |    76 |    47 ||   123
       Leather armour    |       |     3 ||     3
Dodge: Dodged            |    39 |    38 ||    77
Block: Shield            |    70 |    62 ||   132
